 Dungeon Crawl Stone Soup version 0.18.1-8-gdd0e5ea (webtiles) character file.

4935 dvd the Blocker (level 10, -1/65 HPs)
             Began as a Gargoyle Fighter on June 3, 2016.
             Was a Priest of Ru.
             Slain by Urug
             ... wielding a +4 bardiche of venom
              (6 damage)
             ... on level 2 of the Lair of Beasts.
             The game lasted 00:33:45 (10657 turns).

dvd the Blocker (Gargoyle Fighter)                 Turns: 10657, Time: 00:33:46

Health: -1/65      AC: 28    Str: 20    XL:     10   Next: 52%
Magic:  10/10      EV:  5    Int:  8    God:    Ru [***...]
Gold:   169        SH: 17    Dex: 11    Spells: 0 memorised, 9 levels left

rFire  . . .     SeeInvis .     a - +5 flail (crush)
rCold  . . .     Gourm    .     D - +0 plate armour of Hangman {+Fly rElec rN++ rCorr}
rNeg   + + +     Faith    .     c - +0 shield
rPois  ∞         Spirit   .     B - +2 hat
rElec  +         Dismiss  .     (no cloak)
rCorr  +         Reflect  +     (no gloves)
SustAt .         Harm     .     m - +0 pair of boots
MR     +....                    q - +5 amulet of reflection
Stlth  ..........               H - +4 ring of protection
                                k - ring of protection from magic

@: somewhat resistant to hostile enchantments, extremely unstealthy
A: dopey 1, negative energy resistance 1, electricity resistance, unbreathing,
petrification resistance, rot immunity, inability to train dodging,
inexperienced 1, AC +7
a: Draw Out Power, Renounce Religion, Evoke Flight


You were on level 2 of the Lair of Beasts.
You worshipped Ru.
Ru was most pleased with you.
You were not hungry.

You visited 3 branches of the dungeon, and saw 11 of its levels.
You also visited: Ossuary.

You collected 430 gold pieces.
You spent 261 gold pieces at shops.

Inventory:

Hand Weapons
 a - a +5 flail of crushing (weapon)
 l - a +2 greatsling of freezing
Armour
 c - a +0 shield (worn)
 m - a +0 pair of boots (worn)
 B - a +2 hat (worn)
 D - the +0 plate armour of Hangman (worn) {+Fly rElec rN++ rCorr}
   (You found it on level 5 of the Dungeon)

   It insulates you from electricity.
   It greatly protects you from negative energy.
   It lets you fly.
   It protects you from acid and corrosion.
Jewellery
 j - an uncursed amulet of harm
 k - a ring of protection from magic (left hand)
 q - a +5 amulet of reflection (around neck)
 t - an uncursed amulet of faith {unknown}
 v - a +3 ring of dexterity
 G - an uncursed ring of see invisible
 H - a +4 ring of protection (right hand)
Wands
 w - a wand of enslavement (3/24)
 F - a wand of iceblast (9/15)
Scrolls
 e - 3 scrolls of remove curse
 g - 12 scrolls of identify
 h - 2 scrolls of recharging
 i - 2 scrolls of magic mapping
 p - a scroll of teleportation
 y - 4 scrolls of fear
Potions
 b - 2 potions of cure mutation
 d - a potion of might
 n - 8 potions of curing
 s - a potion of haste
 z - a potion of flight
 A - a potion of heal wounds
Books
 x - an Akashic Record

   Spells                             Type                      Level
   a - Dispersal                      Translocation                6
   b - Malign Gateway                 Summoning/Translocation      7
   c - Disjunction                    Translocation                8
   d - Controlled Blink               Translocation                8
Comestibles
 f - 12 bread rations
 o - 8 slices of pizza
 r - a royal jelly
 u - 2 beef jerkies
 C - 5 fruits
 E - 3 meat rations
 I - 5 chunks of flesh


   Skills:
 + Level 8.6 Fighting
 + Level 9.2 Maces & Flails
 + Level 8.3 Armour
 + Level 2.3 Stealth
 + Level 10.6 Shields


You had 9 spell levels left.
You didn't know any spells.

Dungeon Overview and Level Annotations

Branches:
Dungeon (8/15)             Temple (1/1) D:7            Lair (2/8) D:8

Altars:
Ashenzari
Cheibriados
Dithmenos
Elyvilon
Fedhas
Gozag
Kikubaaqudgha
Nemelex Xobeh
Okawaru
Pakellas
Qazlal
Ru
Sif Muna
Trog
Vehumet
Xom
Yredelemnul
Zin
The Shining One

Shops:
D:4 !   D:7 %=*!

Portals:
Ice
Cave: Lair:2

Annotations:
D:6 exclusion: oklob plant
Lair:2 Urug


Innate Abilities, Weirdness & Mutations

You are resistant to torment.
Your stone body is resilient (AC +7).
You are immune to poison.
You are dopey. (Int -2)
You resist negative energy.
You are resistant to electric shocks.
You can survive without breathing.
You are immune to petrification.
You are immune to rotting.
You cannot train Dodging skill.
You are somewhat inexperienced (-2 XL).


Message History

The puff of frost hits you!
You sock Urug!
Urug is lightly wounded.
You block the white imp's attack. Urug hits you with a bardiche of venom!
You closely miss Urug.
Urug is lightly wounded.
You block the white imp's attack.
You sock Urug!
Urug is moderately wounded.
Urug stares with his one eyeball.
Urug hits you with a bardiche of venom!
* * * LOW HITPOINT WARNING * * *
You block the white imp's attack.
You closely miss Urug.
Urug is moderately wounded.
The white imp gestures at you. The puff of frost hits you!
* * * LOW HITPOINT WARNING * * *
Urug hits you with a bardiche of venom.
You die...

,,,,,,,,,,,..........##
,,,,,,,,,,............#
*,*,****,.#...........#
***** **#.........∩..##
*#....[.......#
##...........**
#.........P#**
*#.....o...#
#....5@(.##
#.........##
#..........#
#...(.....##
#........#.#
#.........##
**#........##
*.#........#
*#.........##


You could see Urug and a white imp.

Vanquished Creatures
  A black mamba (Lair:1)
  5 spiny frogs
  A komodo dragon (D:8)
  Prince Ribbit (D:7)
  The ghost of raikaria the Changer, an amateur MfTm of Dithmenos (D:6)
  2 hogs (D:8)
  A human (D:8)
  2 hippogriffs (Lair:1)
  Menkaure (D:7)
  A porcupine (Lair:1)
  3 sky beasts
  4 wolves (Lair:1)
  5 ogres
  A centaur (D:6)
  2 crocodiles
  A big kobold (D:8)
  5 giant frogs
  A gnoll sergeant (D:6)
  13 scorpions
  2 howler monkeys
  A centaur zombie (Ossuary)
  2 crimson imps (D:8)
  3 hounds
  3 human zombies (Ossuary)
  4 jellies
  2 orc wizards
  2 giant frog skeletons
  3 orc priests
  2 centaur skeletons
  An iguana (D:8)
  5 worker ants
  2 sheep (D:8)
  A big kobold zombie (Ossuary)
  3 mummies (Ossuary)
  A howler monkey skeleton (D:5)
  12 gnolls
  2 scorpion zombies (Ossuary)
  11 adders
  10 river rats (Lair:1)
  2 shadow imps
  11 white imps (Lair:2)
  An ooze (D:7)
  2 adder zombies
  2 adder skeletons
  3 worms
  3 dart slugs
  6 giant geckos
  32 orcs
  4 ball pythons
  2 giant cockroaches
  A gnoll zombie (Ossuary)
  18 goblins
  15 hobgoblins
  11 jackals
  7 quokkas
  5 bats
  A giant gecko skeleton (D:8)
  6 giant newts
  2 goblin zombies (Ossuary)
  A hobgoblin zombie (Ossuary)
  12 kobolds
  A kobold zombie (Ossuary)
  2 orc zombies (Ossuary)
  A quokka skeleton (D:8)
  3 rats (D:1)
  A bush (D:6)
  4 plants (D:6)
282 creatures vanquished.

Vanquished Creatures (others)
  4 centaurs (Lair:2)
  A kobold (D:8)
  A plant (D:8)
6 creatures vanquished.

Grand Total: 288 creatures vanquished

Notes
Turn   | Place    | Note
--------------------------------------------------------------
     0 | D:1      | dvd the Gargoyle Fighter began the quest for the Orb.
     0 | D:1      | Reached XP level 1. HP: 14/14 MP: 1/1
   189 | D:1      | Reached XP level 2. HP: 19/19 MP: 2/2
   876 | D:2      | Reached XP level 3. HP: 24/24 MP: 3/3
  1158 | D:2      | Reached skill level 1 in Dodging
  1488 | D:2      | You fall through a shaft for 2 floors!
  1488 | D:4      | Found an opulent altar of Gozag.
  1503 | D:4      | Reached XP level 4. HP: 26/29 MP: 4/4
  1510 | D:4      | Noticed an ogre
  1527 | D:4      | Killed an ogre
  1527 | D:4      | Reached skill level 4 in Shields
  1527 | D:4      | Reached XP level 5. HP: 12/33 MP: 5/5
  1771 | D:4      | Found Xipu's Distillery.
  1777 | D:4      | Bought a potion of degeneration for 11 gold pieces
  1858 | D:4      | Reached XP level 6. HP: 34/38 MP: 6/6
  2266 | D:3      | Found a sacrificial altar of Ru.
  2275 | D:3      | Became a worshipper of Ru the Awakened
  2344 | D:3      | Found an ancient bone altar of Kikubaaqudgha.
  3328 | D:4      | Found a radiant altar of Vehumet.
  3454 | D:5      | Entered Level 5 of the Dungeon
  3469 | D:5      | Reached XP level 7. HP: 44/44 MP: 7/7
  3613 | D:5      | Gained mutation: You cannot train Dodging skill. [Ru sacrifice]
  3613 | D:5      | Reached * piety under Ru
  3731 | D:5      | Reached skill level 5 in Shields
  4010 | D:5      | Found a basalt altar of Yredelemnul.
  4116 | D:5      | Got a heavily runed plate armour
  4127 | D:5      | Identified the cursed +0 plate armour of Hangman {+Fly rElec rN++ rCorr} (You found it on level 5 of the Dungeon)
  4448 | D:5      | Reached XP level 8. HP: 27/48 MP: 8/8
  4670 | D:5      | Reached skill level 5 in Fighting
  4670 | D:5      | Reached skill level 5 in Maces & Flails
  4819 | D:6      | Noticed raikaria's ghost (amateur MfTm)
  4864 | D:6      | Killed raikaria's ghost
  4864 | D:6      | Reached skill level 5 in Armour
  4864 | D:6      | Reached skill level 1 in Stealth
  4864 | D:6      | Reached skill level 6 in Shields
  4929 | D:6      | Found a deep blue altar of Sif Muna.
  5160 | D:6      | Found a sand-covered staircase.
  5165 | Ossuary  | Entered an ossuary
  5430 | Ossuary  | Reached XP level 9. HP: 50/55 MP: 9/9
  5434 | Ossuary  | Reached skill level 7 in Shields
  5556 | Ossuary  | Gained mutation: You are dopey. (Int -2) [Ru sacrifice]
  6191 | D:6      | Reached skill level 8 in Shields
  6710 | D:6      | Found a blossoming altar of Fedhas.
  6728 | D:6      | Noticed an oklob plant
  7501 | D:7      | Found Plog's General Store.
  7528 | D:7      | Found a staircase to the Ecumenical Temple.
  7541 | Temple   | Entered the Ecumenical Temple
  7683 | D:7      | Found Rayzil's Distillery.
  7786 | D:7      | Noticed Prince Ribbit
  7809 | D:7      | Killed Prince Ribbit
  8067 | D:7      | Noticed Menkaure
  8077 | D:7      | Killed Menkaure
  8152 | D:7      | Found Morhugec's Food Shoppe.
  8167 | D:7      | Found Zoqeumim's Jewellery Boutique.
  8171 | D:7      | Bought a +5 amulet of reflection for 250 gold pieces
  8362 | D:8      | Reached XP level 10. HP: 63/63 MP: 10/10
  8438 | D:8      | Gained mutation: You are somewhat inexperienced (-2 XL). [Ru sacrifice]
  8438 | D:8      | Reached XP level 9. HP: 57/57 MP: 9/9
  8438 | D:8      | Reached XP level 8. HP: 53/53 MP: 8/8
  8438 | D:8      | Reached ** piety under Ru
  8438 | D:8      | Reached *** piety under Ru
  8588 | D:8      | Found a staircase to the Lair.
  8588 | D:8      | Noticed a komodo dragon
  8604 | D:8      | Reached skill level 9 in Shields
  8618 | D:8      | Killed a komodo dragon
  9113 | D:8      | Reached XP level 9. HP: 55/57 MP: 9/9
  9403 | Lair:1   | Entered Level 1 of the Lair of Beasts
  9539 | Lair:1   | Noticed a black mamba
  9551 | Lair:1   | Killed a black mamba
  9857 | Lair:1   | Noticed a spiny frog
  9869 | Lair:1   | Killed a spiny frog
  9870 | Lair:1   | Noticed a spiny frog
  9892 | Lair:1   | Killed a spiny frog
  9892 | Lair:1   | Reached XP level 10. HP: 52/64 MP: 10/10
  9917 | Lair:1   | Reached skill level 10 in Shields
  9949 | Lair:1   | Noticed a spiny frog
  9958 | Lair:1   | Killed a spiny frog
 10473 | Lair:2   | Noticed a spiny frog
 10480 | Lair:2   | Killed a spiny frog
 10496 | Lair:2   | Noticed a spiny frog
 10503 | Lair:2   | Killed a spiny frog
 10515 | Lair:2   | Found a sacrificial altar of Ru.
 10618 | Lair:2   | Found a frozen archway.
 10623 | Lair:2   | Noticed Urug
 10657 | Lair:2   | Slain by Urug

Skill      XL: |  1  2  3  4  5  6  7  8  9 10 |
---------------+-------------------------------+-----
Dodging        | 1 2 0 |  0.0
Fighting       | 4 6 8 |  8.6
Shields        | 4 5 9 8 10 | 10.6
Armour         | 4 5 8 |  8.3
Maces & Flails | 3 4 6 8 9 |  9.2
Stealth        | 1 2 |  2.3

Action                   |  1- 3 |  4- 6 |  7- 9 | 10-12 || total
-------------------------+-------+-------+-------+-------++-------
Melee: Flail             |   184 |   154 |   962 |    67 ||  1367
Invok: Sacrifice Nimblen |       |       |     1 |       ||     1
       Sacrifice Experie |       |       |     1 |       ||     1
       Sacrifice Purity  |       |       |     1 |       ||     1
  Use: Scroll            |       |     3 |    16 |     2 ||    21
       Potion            |       |       |     7 |     2 ||     9
  Eat: Chunk             |     2 |     7 |    14 |     1 ||    24
       Meat ration       |       |       |     1 |       ||     1
       Pizza             |       |       |     1 |       ||     1
       Beef jerky        |       |       |     1 |       ||     1
       Royal jelly       |       |       |       |     1 ||     1
Armor: Scale mail        |   103 |    68 |    48 |       ||   219
       Plate armour      |       |       |   393 |    59 ||   452
Dodge: Dodged            |    72 |    53 |   129 |    15 ||   269
Block: Shield            |   114 |    74 |   471 |   105 ||   764
       Reflection        |       |       |     4 |    20 ||    24
